 Dungeon Crawl Stone Soup version 0.28.0-45-g0d030f2227 (webtiles) character file.

Game seed: 15718161419159167452

64 GigaChad the Covered (level 3, -1/29 HPs)
             Began as a Minotaur Fighter on Apr 14, 2022.
             Was a Follower of Hepliaklqana.
             Slain by an orc priest
             ... wielding a +0 mace
              (2 damage)
             ... on level 3 of the Dungeon.
             The game lasted 00:05:28 (1162 turns).

GigaChad the Covered (Minotaur Fighter)             Turns: 1162, Time: 00:05:29

Health: -1/29      AC:  7    Str: 20    XL:     3   Next: 91%
Magic:  2/2        EV: 10    Int:  5    God:    Hepliaklqana [*.....]
Gold:   52         SH:  0    Dex: 11    Spells: 2/2 levels left

rFire   . . .      SeeInvis .   a - +0 long sword
rCold   . . .      Faith    .   (no shield)
rNeg    . . .      Spirit   .   b - +0 scale mail
rPois   .          Reflect  .   (helmet restricted)
rElec   .          Harm     .   (no cloak)
rCorr   .          Rampage  .   (no gloves)
Will    .....                   (no boots)
Stlth   ..........              (no amulet)
HPRegen 0.09/turn               (no ring)
MPRegen 0.08/turn               (no ring)

@: no status effects
A: reduced essence, horns 2, retaliatory headbutt
a: Renounce Religion, Recall Ancestor, Ancestor Identity


You were on level 3 of the Dungeon.
You worshipped Hepliaklqana.
Hepliaklqana was aware of your devotion.
You visited 1 branch of the dungeon, and saw 3 of its levels.

You collected 52 gold pieces.

Inventory:

Hand Weapons
 a - a +0 long sword (weapon)
 h - the +8 storm bow {elec, penet}
   (You acquired it on level 2 of the Dungeon)

   Any ammunition fired from it occasionally discharges a powerful burst of
   electricity upon striking a foe.
   Any ammunition fired by it passes through the targets it hits, potentially
   hitting all targets in its path until it reaches maximum range.
Missiles
 i - 11 arrows
 l - 18 bolts
Armour
 b - a +0 scale mail (worn)
 c - a +0 buckler
Magical Staves
 k - a staff of conjuration
Jewellery
 f - an amulet of faith
Scrolls
 e - a scroll of identify
Potions
 d - a potion of might
 g - a potion of curing {unknown}
 j - a potion of ambrosia {unknown}


   Skills:
 + Level 4.1 Fighting
 + Level 3.0 Long Blades
 + Level 1.0 Bows
 + Level 4.3 Armour
 + Level 1.0 Dodging
 + Level 4.0 Shields


You had 2 spell levels left.
You didn't know any spells.
Your spell library contained the following spells:

 Spells                   Type           Power      Damage    Failure   Level
 Blink                    Tloc           0%         N/A       91%         2
 Manifold Assault         Tloc           0%         N/A       100%        5
 Storm Form               Tmut/Air       0%         N/A       100%        7


Dungeon Overview and Level Annotations

Branches:
Dungeon (3/15)

Altars:
Hepliaklqana


Innate Abilities, Weirdness & Mutations

Your life essence is reduced to manifest your ancestor. (-10% HP)
You have a pair of horns on your head.
You reflexively headbutt those who attack you in melee.


Message History

Hrothgar avoids your attack.
The arrow pierces through the orc.
You kill the orc!
i - 12 arrows (gained 1)
Things that are here:
a +0 dagger; 3 boomerangs; an orc corpse An orc priest comes into view.
It is wielding a +0 club.
An orc priest comes into view. It is wielding a +0 mace.
You see here an arrow.
The orc priest miscasts a cantrip.
The orc priest hits you with a +0 mace. The orc priest barely misses you.
You furiously retaliate!
You headbutt the orc priest.
Things that are here:
a +0 whip; 31 stones; an orc corpse You shoot an arrow.
The arrow closely misses the orc priest.
The orc priest hits you with a +0 mace.
The orc priest invokes the aid of Beogh against you.
Beogh smites you!
Hrothgar hits the orc priest.
The orc priest hits you but does no damage. x2
You are too injured to fight recklessly!
You are too injured to fight recklessly!
The +8 storm bow {elec, penet} stops crackling.
a - a +0 long sword (weapon)
Hrothgar hits the orc priest.
You barely miss the orc priest. Your headbutt misses the orc priest.
The orc priest is lightly wounded.
The orc priest closely misses you. The orc priest barely misses you.
Hrothgar barely misses the orc priest.
The orc priest hits you with a +0 mace.
* * * LOW HITPOINT WARNING * * *
You slash the orc priest! You headbutt the orc priest.
The orc priest is severely wounded.
The orc priest barely misses you.
Hrothgar closely misses the orc priest.
The orc priest hits you with a +0 mace.
* * * LOW HITPOINT WARNING * * *
The orc priest hits you with a +0 club.
* * * LOW HITPOINT WARNING * * *
You barely miss the orc priest.
The orc priest is severely wounded.
Hrothgar barely misses the orc priest.
The orc priest hits you with a +0 mace.
You die...

#. #.. #!.######### #
####..#....(.)##(###.#
...$.>#.##†..R@o.)..((
.........#.##o##>###.#
#.....<....##.#
#.....).......#
####..####.##..
#.......# ##.####.#
#.# ..# #.#


You could see the friendly Hrothgar the ancestor and 2 orc priests.

Vanquished Creatures
  2 adders (D:2)
  2 dart slugs (D:2)
  4 orcs (D:3)
  2 ball pythons (D:1)
  A bat (D:2)
  4 endoplasms (D:2)
  2 giant cockroaches
  4 hobgoblins
  4 quokkas
  A frilled lizard (D:2)
  3 goblins
  4 rats
33 creatures vanquished.

Vanquished Creatures (collateral kills)
  A goblin (D:3)
1 creature vanquished.

Vanquished Creatures (others)
  An ancestor (D:2)
1 creature vanquished.

Grand Total: 35 creatures vanquished

Notes
Turn   | Place    | Note
-------+----------+-------------------------------------------
     0 | D:1      | GigaChad the Minotaur Fighter began the quest for the Orb.
     0 | D:1      | Reached XP level 1. HP: 19/19 MP: 0/0
   240 | D:1      | Reached XP level 2. HP: 27/27 MP: 1/1
   322 | D:1      | You fall into a shaft and drop 1 floor!
   349 | D:2      | Identified a scroll of acquirement
   350 | D:2      | Acquired the +8 storm bow {elec, penet}
   350 | D:2      | Found the +8 storm bow {elec, penet}
   532 | D:2      | Found a faded altar of an unknown god.
   541 | D:2      | Prayed at the altar of an unknown god.
   541 | D:2      | Became a worshipper of Hepliaklqana the Forgotten
   541 | D:2      | Reached * piety under Hepliaklqana
   656 | D:2      | Reached XP level 3. HP: 18/29 MP: 2/2
  1059 | D:2      | Reached skill level 1 in Bows
  1062 | D:2      | Reached skill level 1 in Dodging
  1161 | D:3      | HP: 1/29 [orc priest/+0 club (2)]
  1162 | D:3      | Slain by an orc priest

Illustrated notes

Levels and vault maps discovered:
D:1:      lightli_arrival_isolated_outpost, layout_loops_ring,
          grunt_decor_arrowhead
D:2:      layout_loops_ring, chequers_ecumenical_altar_simple,
          minmay_pentomino_v2
D:3:      layout_loops_ring, gup_sewer_entry_bowl,
          chequers_serial_rivers_micro_b

Skill      XL: |  1  2  3 |
---------------+----------+-----
Armour         | 4 |  4.3
Shields        | 4 |  4.0
Bows           | 1 |  1.0
Long Blades    | 3 |  3.0
Dodging        | 1 |  1.0
Fighting       | 4 |  4.1

Action                   || total
-------------------------++-------
Melee: Long sword        ||    25
       Headbutt          ||     2
 Fire: Longbow           ||    35
  Use: Scroll            ||     3
Armor: Scale mail        ||    28
Dodge: Dodged            ||    32
Block: Buckler           ||     8
